 Dungeon Crawl Stone Soup version 0.24.0-123-gd5b16e6ec5 (webtiles) character file.

Game seed: 1922284744380616460, levelgen mode: deterministic

127 ChairmanCharles the Cudgeler (level 4, -1/39 HPs)
             Began as a Minotaur Berserker on Feb 13, 2020.
             Was a Believer of Trog.
             Slain by an iguana (10 damage)
             ... on level 4 of the Dungeon.
             The game lasted 00:22:16 (2791 turns).

ChairmanCharles the Cudgeler (Minotaur Berserker)   Turns: 2791, Time: 00:22:16

Health: -1/39      AC:  2    Str: 21    XL:     4   Next: 85%
Magic:  3/3        EV: 12    Int:  4    God:    Trog [**....]
Gold:   165        SH:  0    Dex: 11    Spells: 3/3 levels left

rFire    . . .     SeeInvis .   a - +0 mace
rCold    . . .     Gourm    .   (no shield)
rNeg     . . .     Faith    .   b - +0 animal skin
rPois    .         Spirit   .   (helmet restricted)
rElec    .         Reflect  .   (no cloak)
rCorr    .         Harm     .   (no gloves)
MR       .....                  (no boots)
Stlth    +.........             (no amulet)
HPRegen  0.13/turn              (no ring)
MPRegen  0.08/turn              (no ring)

@: no status effects
A: retaliatory headbutt, horns 2
a: Berserk, Trog's Hand, Renounce Religion


You were on level 4 of the Dungeon.
You worshipped Trog.
Trog was pleased with you.
You were not hungry.

You visited 1 branch of the dungeon, and saw 4 of its levels.

You collected 165 gold pieces.

Inventory:

Hand Weapons
 a - a +0 mace (weapon)
 k - a +0 mace
 m - a +0 whip
 o - a +0 hunting sling
 v - a +0 whip
 w - a +0 whip
Missiles
 l - 57 stones (quivered)
 p - 21 sling bullets
Armour
 b - a +0 animal skin (worn)
 h - a +1 helmet
Jewellery
 e - a +2 ring of dexterity {unknown}
 g - an uncursed ring of flight {unknown}
Scrolls
 f - 2 scrolls of amnesia {unknown}
 q - 2 scrolls of identify {unknown}
 s - a scroll of immolation {unknown}
 t - a scroll of teleportation {unknown}
Potions
 d - 2 potions of brilliance {unknown}
 i - a potion of might {unknown}
 j - 2 potions of curing {unknown}
 n - a potion of flight {unknown}
 u - 2 potions of degeneration {unknown}
Comestibles
 c - 6 rations
 r - 2 chunks of flesh


   Skills:
 - Level 3.6 Fighting
 + Level 6.8 Maces & Flails
 - Level 2.4 Armour
 - Level 2.1 Dodging


You had 3 spell levels left.
You didn't know any spells.
Your spell library was empty.

Dungeon Overview and Level Annotations

Branches:
Dungeon (4/15)
 Temple: D:4-7

Altars:

Portals:
Sewer: D:3


Innate Abilities, Weirdness & Mutations

You reflexively headbutt those who attack you in melee.
You have a pair of horns on your head.


Message History

You headbutt the giant cockroach. You sock the giant cockroach!
You kill the giant cockroach!
Trog accepts your kill.
You see here a giant cockroach corpse.
You hit the iguana. You headbutt the iguana.
The iguana is moderately wounded.
The iguana bites you!
You hit the iguana but do no damage. Your headbutt misses the iguana.
The iguana is moderately wounded.
The iguana bites you!
You hit the iguana.
The iguana is moderately wounded.
The iguana bites you!
* * * LOW HITPOINT WARNING * * *
The iguana barely misses you. You furiously retaliate!
You headbutt the iguana. You hit the iguana but do no damage.
The iguana is severely wounded.
The iguana bites you!
You die...

#######
#####.....
.........#
##...?...######
..>...l@.......
..........#####
........<.#####
.......<.......
...............
.....####......
....# ......
.... #..... ...
.....


You could see an iguana.

Vanquished Creatures
  A howler monkey (D:2)
  2 adders
  An ooze (D:2)
  A worm (D:2)
  4 dart slugs
  5 leopard geckos
  An orc (D:3)
  7 giant cockroaches
  6 goblins
  3 hobgoblins
  A quokka (D:2)
  6 bats
  3 frilled lizards
  3 kobolds
  8 rats
52 creatures vanquished.

Notes
Turn   | Place    | Note
-------+----------+-------------------------------------------
     0 | D:1      | ChairmanCharles the Minotaur Berserker began the quest for
                  | the Orb.
     0 | D:1      | Reached XP level 1. HP: 19/19 MP: 0/0
    61 | D:1      | Reached skill level 4 in Maces & Flails
   324 | D:1      | Reached XP level 2. HP: 26/26 MP: 1/1
  1048 | D:2      | Reached skill level 5 in Maces & Flails
  1048 | D:2      | Reached XP level 3. HP: 31/31 MP: 2/2
  1058 | D:2      | Reached skill level 6 in Maces & Flails
  1058 | D:2      | Reached XP level 4. HP: 30/39 MP: 3/3
  1938 | D:2      | Reached ** piety under Trog
  2602 | D:3      | Found a glowing drain.
  2791 | D:4      | Slain by an iguana

Levels and vault maps discovered:
D:1:      dpeg_chamrin_arrival_tetris, layout_basic
D:2:      layout_basic, serial_co_window_serial, co_window_paths_b,
          co_window_of_opportunity_a, co_window_paths_a, co_window_paths_a,
          co_window_paths_a, co_window_cross_3, co_window_paths_c,
          co_window_2corner, co_window_broadway_b, co_window_corner_b,
          co_window_of_opportunity_b, co_window_2corner, glass_columns_a,
          glass_columns_b, glass_columns_a, glass_columns_b
D:3:      layout_rooms, portal_sewer_entry_f, first_ration,
          chequers_decorated_corner
D:4:      layout_basic, uniq_natasha, uniq_robin

Skill      XL: |  1  2  3 |
---------------+----------+-----
Maces & Flails | 4 5 6 |  6.8
Fighting       | |  3.6
Armour         | |  2.4
Dodging        | |  2.1

Action                   |  1- 3 |  4- 6 || total
-------------------------+-------+-------++-------
Melee: Mace              |    42 |    53 ||    95
       Headbutt          |     7 |    10 ||    17
Throw: Stone             |     2 |     9 ||    11
 Stab: Sleeping          |     1 |       ||     1
  Eat: Chunk             |       |     2 ||     2
       Ration            |       |     1 ||     1
Armor: Animal skin       |     7 |    12 ||    19
Dodge: Dodged            |    32 |    48 ||    80
